 Dungeon Crawl Stone Soup version 0.21.0-3-g78d12a8bdd (webtiles) character file.

142 MalkierKing the Skirmisher (level 5, 0/48 HPs)
             Began as a Minotaur Berserker on Jan 14, 2018.
             Was a Believer of Trog.
             Slain by a centaur skeleton (5 damage)
             ... on level 4 of the Dungeon.
             The game lasted 00:11:52 (2647 turns).

MalkierKing the Skirmisher (Minotaur Berserker)     Turns: 2647, Time: 00:11:53

Health: 0/48       AC:  3    Str: 22    XL:     5   Next: 3%
Magic:  4/4        EV: 11    Int:  4    God:    Trog [**....]
Gold:   98         SH:  7    Dex: 10    Spells: 4/4 levels left

rFire    . . .     SeeInvis .   a - +0 hand axe
rCold    . . .     Gourm    .   d - +0 buckler
rNeg     . . .     Faith    .   b - +0 leather armour
rPois    .         Spirit   .   (helmet restricted)
rElec    .         Reflect  +   (no cloak)
rCorr    .         Harm     .   (no gloves)
MR       +....                  (no boots)
Stlth    +.........             f - +4 amulet of reflection
HPRegen  0.16/turn              g - ring of protection from magic
MPRegen  0.09/turn              (no ring)

@: no status effects
A: retaliatory headbutt, horns 2
a: Berserk, Trog's Hand, Burn Spellbooks, Renounce Religion


You were on level 4 of the Dungeon.
You worshipped Trog.
Trog was pleased with you.
You were not hungry.

You visited 1 branch of the dungeon, and saw 4 of its levels.

You collected 98 gold pieces.

Inventory:

Hand Weapons
 a - a +0 hand axe (weapon)
Missiles
 m - 16 bolts
Armour
 b - a +0 leather armour (worn)
 d - a +0 buckler (worn)
Jewellery
 f - a +4 amulet of reflection (around neck)
 g - a ring of protection from magic (left hand)
Wands
 p - a wand of polymorph (10)
Scrolls
 h - 2 scrolls of fear
 i - 2 scrolls of identify {unknown}
 n - a scroll of enchant weapon {unknown}
 o - 3 scrolls of remove curse
Potions
 e - a potion of degeneration {unknown}
 k - 2 potions of curing {unknown}
 l - a potion of flight {unknown}
Comestibles
 c - 5 rations
 j - 4 chunks of flesh


   Skills:
 * Level 5.0 Fighting
 * Level 4.9 Axes
 + Level 3.3 Armour
 + Level 3.0 Dodging


You had 4 spell levels left.
You didn't know any spells.

Dungeon Overview and Level Annotations

Branches:
Dungeon (4/15)
 Temple: D:4-7

Altars:
Gozag
Makhleb
Okawaru
Qazlal

Annotations:
D:4 kickasso's ghost, amateur MiFi


Innate Abilities, Weirdness & Mutations

You reflexively headbutt those who attack you in melee.
You have a pair of horns on your head.


Message History

Kickasso's ghost hits you.
* * * LOW HITPOINT WARNING * * *
The phantom completely misses you. The phantom hits you.
* * * LOW HITPOINT WARNING * * *
As you read the scroll of fear, it crumbles to dust.
You assume a fearsome visage.
The phantom is unaffected.
The worm looks frightened!
The centaur skeleton is unaffected.
Kickasso's ghost is unaffected.
Kickasso's ghost hits you.
* * * LOW HITPOINT WARNING * * *
You block the phantom's attack. Kickasso's ghost hits you.
* * * LOW HITPOINT WARNING * * *
The phantom blinks!
Kickasso's ghost hits you.
* * * LOW HITPOINT WARNING * * *
The phantom closely misses you. You furiously retaliate!
You headbutt the phantom!
The phantom blinks!
The centaur skeleton hits you.
You die...

########..[# #.......
........#...# #.......
....W...#...# #.......
........#...### #....
..............######....
...................'....
[.................##....
..............###.##....
.....#@ยง..<....#.#####.
.... #WZ?...##.#.......
... #.......#.#.......
.. #.....### #.....#. .
###.......#.....#.
######... ....#. .. ..
#. . #. #.


You could see a phantom, kickasso's ghost and a centaur skeleton.

Vanquished Creatures
  A bullfrog skeleton (D:4)
  Ijyb (D:3)
  5 adders
  2 dart slugs
  2 leopard geckos (D:1)
  5 giant cockroaches
  3 hobgoblins (D:1)
  3 jackals (D:2)
  A kobold (D:1)
  A quokka (D:2)
  7 bats
  5 frilled lizards
  2 goblins (D:1)
  5 rats
43 creatures vanquished.

Notes
Turn   | Place    | Note
-------+----------+-------------------------------------------
     0 | D:1      | MalkierKing the Minotaur Berserker began the quest for the Orb.
     0 | D:1      | Reached XP level 1. HP: 19/19 MP: 0/0
   164 | D:1      | Reached XP level 2. HP: 26/27 MP: 1/1
   168 | D:1      | Reached skill level 4 in Fighting
   327 | D:1      | Reached ** piety under Trog
   959 | D:1      | Reached XP level 3. HP: 29/33 MP: 2/2
  1341 | D:2      | Found an opulent altar of Gozag.
  1900 | D:2      | Reached XP level 4. HP: 38/41 MP: 3/3
  2185 | D:2      | Found a stormy altar of Qazlal.
  2187 | D:2      | Found a burning altar of Makhleb.
  2190 | D:2      | Found an iron altar of Okawaru.
  2566 | D:3      | Noticed Ijyb
  2579 | D:3      | Killed Ijyb
  2590 | D:3      | You fall through a shaft!
  2593 | D:4      | Noticed kickasso's ghost (amateur MiFi)
  2631 | D:4      | Reached skill level 5 in Fighting
  2631 | D:4      | Reached XP level 5. HP: 14/48 MP: 4/4
  2634 | D:4      | Noticed a phantom
  2647 | D:4      | Slain by a centaur skeleton

Skill      XL: |  1  2  3  4 |
---------------+-------------+-----
Fighting       | 4 5 |  5.0
Axes           | 4 |  4.9
Armour         | 3 |  3.3
Dodging        | 3 |  3.0

Action                   |  1- 3 |  4- 6 || total
-------------------------+-------+-------++-------
Melee: Hand axe          |    59 |    37 ||    96
       Headbutt          |     8 |     6 ||    14
Invok: Burn Spellbooks   |       |     1 ||     1
  Use: Scroll            |     2 |     2 ||     4
  Eat: Chunk             |     3 |     2 ||     5
Armor: Animal skin       |    15 |       ||    15
       Leather armour    |       |     6 ||     6
Dodge: Dodged            |    38 |    16 ||    54
Block: Buckler           |    13 |    15 ||    28
